AoeStats
← JocZilla

Arena

505165108Analyzed
4v4 RM · 23d ago on Sep 8, 2026· 48m 17s· 8 players
Game mode
Random Map
Map size
Large (8 player)
Population
200
Speed
Normal
Resources
Standard
Victory
Conquest
Starting age
Dark Age
Ending age
Imperial Age
RankedLock teamsTeams togetherTeam positionsShared explorationLock speedFull tech treeHidden civsTurbo modeCheats
Victory
Defeat
🇧🇷 Romans · Brazil
1008
+13
🇺🇸 Turks · United States
1007
+13
🇨🇳 Khmer · China
915
+17
🇺🇸 Goths · United States
907
+17
🇺🇸 Romans · United States
978
-17
🇺🇸 Persians · United States
963
-16
🇺🇸 Hindustanis · United States
913
-14
🇨🇦 Japanese · Canada
898
-13
TheMinnesotaMama
2:53 Loom
11:27 Feudal Age
14:36 Double-Bit Axe
14:44 Horse Collar
21:16 Castle Age
22:20 Husbandry
22:34 Squires
22:20 Arson
33:38 Bloodlines
33:36 Scale Barding Armor
33:41 Forging
38:48 Imperial Age
38:52 Heavy Camel Rider
40:45 Imperial Camel Rider
Nick_The_Great16
2:34 Loom
11:21 Feudal Age
12:58 Wheelbarrow
12:09 Horse Collar
12:23 Double-Bit Axe
12:35 Gold Mining
19:54 Castle Age
18:15 Stone Mining
21:13 Heavy Plow
21:27 Bow Saw
21:54 Man-at-Arms
22:36 Squires
24:17 Gold Shaft Mining
25:52 Long Swordsman
28:54 Hand Cart
32:40 Caravan
38:48 Pikeman
40:19 Ballistas
40:01 Pikeman
42:14 Forging
42:04 Scale Mail Armor
44:44 Imperial Age
44:51 Heavy Scorpion
46:09 Guilds
ToothFairyGhost
2:31 Loom
11:09 Feudal Age
11:43 Double-Bit Axe
11:21 Man-at-Arms
11:55 Horse Collar
15:00 Arson
18:33 Scale Mail Armor
18:44 Forging
19:51 Gold Mining
21:56 Fletching
24:43 Castle Age
22:43 Stone Mining
25:56 Bow Saw
26:07 Heavy Plow
25:31 Long Swordsman
26:13 Squires
26:31 Chain Mail Armor
26:44 Gambesons
28:44 Gold Shaft Mining
30:34 Pikeman
33:18 Iron Casting
36:37 Imperial Age
38:20 Halberdier
42:34 Wheelbarrow
42:57 Plate Mail Armor
43:28 Blast Furnace
47:56 Hand Cart
hank
12:16 Feudal Age
16:17 Castle Age
14:29 Horse Collar
14:37 Double-Bit Axe
14:58 Gold Mining
19:10 Wheelbarrow
18:41 Loom
39:07 Kamandaran
40:26 Fletching
40:37 Padded Archer Armor
40:11 Crossbowman
41:22 Bow Saw
41:47 Bodkin Arrow
42:16 Ballistics
42:07 Thumb Ring
Cutin Mele
2:32 Loom
10:53 Feudal Age
11:49 Double-Bit Axe
11:45 Horse Collar
11:56 Gold Mining
13:43 Wheelbarrow
20:11 Castle Age
21:43 Gold Shaft Mining
21:20 Bow Saw
21:11 Heavy Plow
24:08 Padded Archer Armor
23:58 Fletching
25:05 Leather Archer Armor
26:04 Ballistics
25:40 Murder Holes
26:25 Bodkin Arrow
27:51 Hand Cart
28:26 Stone Mining
31:52 Town Watch
36:46 Imperial Age
34:17 Town Patrol
35:18 Ballistas
37:29 Scale Barding Armor
37:35 Forging
36:59 Heavy Scorpion
38:42 Chemistry
38:16 Ring Archer Armor
38:50 Crop Rotation
41:03 Scale Barding Armor
40:59 Scale Mail Armor
41:09 Forging
41:57 Elite Centurion
42:58 Conscription
44:47 Chain Barding Armor
44:43 Chain Mail Armor
45:03 Iron Casting
電動遊戯
9:37 Loom
13:35 Feudal Age
16:59 Castle Age
15:12 Horse Collar
15:27 Double-Bit Axe
27:35 Bow Saw
27:38 Stone Mining
28:25 Heavy Plow
33:34 Imperial Age
30:57 Gold Mining
31:49 Stone Shaft Mining
31:42 Fletching
32:29 Bloodlines
32:19 Husbandry
31:59 Light Cavalry
33:24 Wheelbarrow
32:34 Town Watch
33:28 Gold Shaft Mining
33:47 Fortified Wall
34:54 Conscription
34:35 Double Crossbow
34:49 Bodkin Arrow
34:25 Elite Ballista Elephant
35:47 Bracer
35:53 Scale Barding Armor
36:11 Ballistics
38:07 Capped Ram
40:26 Siege Engineers
41:23 Chemistry
40:19 Murder Holes
42:33 Fervor
44:23 Crop Rotation
43:34 Siege Ram
44:48 Chain Barding Armor
44:41 Masonry
44:54 Forging
44:44 Scale Mail Armor
44:37 Hussar
49:19 Plate Barding Armor
JocZilla
0:33 Loom
13:43 Feudal Age
17:33 Castle Age
17:46 Fletching
18:36 Stone Mining
30:54 Double-Bit Axe
30:56 Horse Collar
39:33 Heavy Plow
40:59 Wheelbarrow
40:40 Bodkin Arrow
42:11 Bow Saw
42:14 Squires
45:42 Imperial Age
42:46 Pikeman
46:51 Conscription
47:50 Halberdier
king
5:43 Loom
9:33 Feudal Age
10:02 Double-Bit Axe
12:11 Horse Collar
15:09 Wheelbarrow
20:05 Castle Age
18:19 Gold Mining
18:19 Stone Mining
20:59 Bow Saw
21:27 Gold Shaft Mining
20:52 Heavy Plow
24:01 Hand Cart
28:47 Imperial Age
26:43 Padded Archer Armor
27:42 Leather Archer Armor
30:41 Two-Man Saw
41:42 Caravan
42:58 Elite Janissary
46:15 Ring Archer Armor
Connection lost

Rejoining the realm…

Still unreachable

The connection could not be restored.

Session expired

The server has moved on; the page needs a fresh start.